cohdb
Replays
Latest Replays
All Replays
Popular Replays
Top Player Replays
Match Explorer
How It Works
Community
CoH3 Stats
Reddit
Sign in to upload your games and track your stats! →
Sign in with Steam
abuser abused
Match 37438517
Overview
Messages
Build Orders
End
Kradschützen Motorcycle Team
Selects Armored Support Battlegroup
Panzergrenadier Squad
250 Light Carrier
Panzergrenadier Squad
Construct Light Support Kompanie
Fire Support Elements
Panzerjäger Squad
Assault Mechanized Group
Selects Salvage Kits
Selects Veteran Gunners
Flakvierling Half-track
Vehicle Survival Package
Pak 38 Anti-tank Gun Team
Construct Panzerarmee Kommand
Selects Flammpanzer III Medium Tank
Pak 38 Mechanized Group
Panzer III L Medium Tank
Selects Command Panzer IV F Medium Tank
Emergency Repair Kits
2.5-tonne Medical Truck
Panzer III L Medium Tank
Selects Panzer Storm
Panzer III L Medium Tank
Selects Stuka Anti-tank Loiter
Stuka Anti-tank Loiter
Armored Reserves
Tiger Heavy Tank
Panzer Storm
Oziligath
Stana
0
0
Comments
sign in to comment!
No comments posted yet!